 Dungeon Crawl Stone Soup version 0.29-a0-1065-g47a6bb87d6 (webtiles) character file.

Game seed: 16622795744929329075

11502 Zeldest the Grappler (level 10, -16/102 (107) HPs)
             Began as a Troll Delver on Aug 18, 2022.
             Was an Elder of Ru.
             Demolished by a death yak (26 damage)
             ... on level 8 of the Dungeon.
             The game lasted 00:12:40 (6032 turns).

Zeldest the Grappler (Troll Delver)                 Turns: 6032, Time: 00:12:40

HP:   -16/102 (107) AC:  7    Str: 22    XL:     10   Next: 50%
MP:   9/9           EV:  4    Int: 10    God:    Ru [****..]
Gold: 787           SH:  0    Dex: 11    Spells: 9/9 levels left

rFire   . . .      SeeInvis +     - Unarmed
rCold   . . .      Faith    .   (no shield)
rNeg    . . .      Spirit   .   F - +0 troll leather armour
rPois   .          Reflect  .   (helmet restricted)
rElec   .          Harm     .   (no cloak)
rCorr   .          Rampage  .   (gloves unavailable)
Will    .....                   (boots unavailable)
Stlth   ++........              (no amulet)
HPRegen 1.87/turn               e - ring of see invisible
MPRegen 0.11/turn               (no ring)

@: exhausted, lightly drained
A: large, unfitting armour, claws 3, regeneration 1, shaggy fur 1, tough skin 1,
reduced EV 1, weak-willed 1, inexperienced 1
a: Renounce Religion, Draw Out Power, Power Leap


You were on level 8 of the Dungeon.
You worshipped Ru.
Ru was greatly pleased with you.
You visited 2 branches of the dungeon, and saw 8 of its levels.

You collected 787 gold pieces.

Inventory:

Hand Weapons
 H - a +2 scimitar of flaming
Missiles
 p - a throwing net (quivered)
Armour
 q - +2 swamp dragon scales
 F - a +0 troll leather armour (worn)
Jewellery
 e - a ring of see invisible (left claw)
 B - a ring of flight
Wands
 a - a wand of paralysis (6)
 f - a wand of digging (10)
 C - a wand of iceblast (7)
Scrolls
 b - a scroll of fog
 c - a scroll of magic mapping
 d - 3 scrolls of fear
 j - 2 scrolls of noise {unknown}
 l - 3 scrolls of butterflies {unknown}
 m - 3 scrolls of amnesia
 o - a scroll of summoning {unknown}
 s - 4 scrolls of identify
 t - a scroll of enchant armour {unknown}
 u - 2 scrolls of teleportation {unknown}
 w - a scroll of enchant weapon {unknown}
 x - 2 scrolls of brand weapon {unknown}
 y - 3 scrolls of immolation {unknown}
 z - 2 scrolls of poison {unknown}
 A - a scroll of blinking {unknown}
Potions
 g - 5 potions of curing
 h - 4 potions of mutation
 i - a potion of berserk rage {unknown}
 k - 3 potions of heal wounds
 n - 3 potions of flight
 r - 2 potions of attraction {unknown}
 v - 2 potions of resistance {unknown}
 D - a potion of cancellation {unknown}
 E - a potion of degeneration {unknown}
 G - a potion of might {unknown}
 I - a potion of invisibility {unknown}


   Skills:
 + Level 9.0 Fighting
 + Level 6.7 Armour
 - Level 1.5 Dodging
 - Level 2.7 Stealth
 * Level 13.1 Unarmed Combat


You had 9 spell levels left.
You didn't know any spells.
Your spell library contained the following spells:

 Spells                   Type           Power      Damage    Failure   Level
 Sandblast                Erth           0%         2d4       38%         1
 Slow                     Hex            0%         N/A       38%         1
 Passwall                 Tmut/Erth      0%         N/A       54%         2
 Poisonous Vapours        Pois/Air       0%         N/A       54%         2
 Confusing Touch          Hex            0%         N/A       77%         3
 Stone Arrow              Conj/Erth      0%         3d7       77%         3
 Vampiric Draining        Necr           0%         2d6       77%         3
 Corpse Rot               Necr/Pois/Air  0%         N/A       99%         4


Dungeon Overview and Level Annotations

Branches:
Dungeon (11/15)            Temple (1/1) D:5            Lair (0/5) D:8
    Orc: D:9-12

Altars:
Ashenzari
Cheibriados
Dithmenos
Elyvilon
Fedhas
Gozag
Hepliaklqana
Kikubaaqudgha
Nemelex Xobeh
Okawaru
Qazlal
Ru
Sif Muna
Trog
Wu Jian
Xom
Yredelemnul
Zin
The Shining One

Shops:
D:6 (

Portals:
Trove: D:11 (give 10 potions of heal wounds)

Annotations:
D:10 exclusion: obsidian statue


Innate Abilities, Weirdness & Mutations

You are too large for most types of armour.
You have claws for hands.
Your natural rate of healing is unusually fast.
You are covered in fur. (AC +1)
You have tough skin. (AC +1)
You have somewhat slow reflexes. (EV -5)
You are slightly weak-willed. (Will-)
You are somewhat inexperienced. (-1 XL)


Message History

The death yak is almost dead.
The death yak gores you!
You barely miss the death yak.
The death yak is almost dead.
The death yak gores you.
You scratch the death yak but do no damage.
The death yak is almost dead.
The death yak gores you!
You scratch the death yak.
The death yak is almost dead.
You mangle the death yak!!
You kill the death yak!
Your Fighting skill increases to level 9!
Okay, then.
Okay, then.
You barely miss the death yak.
The death yak snorts and paws the ground.
The death yak gores you!!
You barely miss the death yak. The death yak closely misses you.
You barely miss the death yak. You claw the death yak!
The death yak is lightly wounded.
The death yak gores you!!
* * * LOW HITPOINT WARNING * * *
You are restored by drawing out deep reserves of power within.
You feel drained. The death yak gores you!!
* * * LOW HITPOINT WARNING * * *
Okay, then.
Okay, then.
Okay, then.
As you read the scroll labelled ECETRI NOSE, it crumbles to dust.
It is a scroll of amnesia.
You feel forgetful for a moment. The death yak gores you!!
* * * LOW HITPOINT WARNING * * *
Okay, then.
Okay, then.
The death yak attacks as you move away! The death yak gores you.
* * * LOW HITPOINT WARNING * * *
The death yak attacks as you move away! The death yak gores you!!
You die...

#.###############.# #.#
#...............#.### #.#
#>..................# #.#
##.........####.#.#.#### #.#
#.........# #.#.#....### #.#
#.........####.#.####...####.##
#..........Y......###..........
###^........####Y##........####..
#...........# #@#...............
..P.........####'##..............
~♣~~........##....#..#......##...
P~~.P..).... #......#.......####.
≈≈♣~~P###### #........>........#.
≈~~~~♣# #...............#.#.
P~.P..# #.......#.#.........
~.~~P## #............).##.#.
.....# #...........#)###.#.


You could see a death yak.

Vanquished Creatures
  Erica (D:8)
  A two-headed ogre (D:11)
  A death yak (D:8)
  Amaemon (D:10)
  Lodul (D:10)
  An orange demon (D:10)
  Psyche (D:8)
  An unseen horror (D:10)
  Maggie (D:6)
  3 trolls
  A hornet (D:8)
  10 yaks
  2 wyverns
  2 wraiths (D:11)
  2 steam dragons
  An acid dragon (D:9)
  2 water moccasins
  6 orc warriors
  A sky beast (D:7)
  7 ogres
  5 centaurs
  A phantom (D:5)
  3 bullfrogs
  A necrophage (D:5)
  A gnoll sergeant (D:5)
  2 scorpions (D:6)
  10 wights (D:7)
  8 killer bees
  5 electric eels
  A howler monkey (D:5)
  6 hounds
  A jelly (D:7)
  A gnoll bouda (D:6)
  4 iguanas
  2 orc priests
  2 hell rats (D:8)
  6 orc wizards
  10 gnolls
  2 adders (D:5)
  A shadow imp (D:7)
  4 white imps
  27 orcs
  2 quokkas (D:8)
  4 rats (D:8)
155 creatures vanquished.

Vanquished Creatures (others)
  A troll (D:11)
  An acid dragon (D:10)
  16 plants
18 creatures vanquished.

Grand Total: 173 creatures vanquished

Notes
Turn   | Place    | Note
-------+----------+-------------------------------------------
     0 | D:5      | Zeldest the Troll Delver began the quest for the Orb.
     0 | D:5      | Reached XP level 1. HP: 22/22 MP: 0/0
    25 | D:5      | Noticed a necrophage
    41 | D:5      | Killed a necrophage
    42 | D:5      | Reached skill level 3 in Unarmed Combat
    42 | D:5      | Reached XP level 2. HP: 21/31 MP: 1/1
    42 | D:5      | Reached XP level 3. HP: 25/37 MP: 2/2
    78 | D:5      | Found an ancient bone altar of Kikubaaqudgha.
   130 | D:5      | Reached XP level 4. HP: 36/45 MP: 3/3
   234 | D:5      | Noticed a phantom
   250 | D:5      | Killed a phantom
   251 | D:5      | Reached skill level 4 in Unarmed Combat
   251 | D:5      | Reached XP level 5. HP: 54/54 MP: 4/4
   331 | D:5      | Found a staircase to the Ecumenical Temple.
   340 | Temple   | Entered the Ecumenical Temple
   585 | Temple   | Became a worshipper of Ru the Awakened
   641 | D:5      | Identified the +0 robe "Urioj" {*Slow +Inv rN++ Will+++}
   655 | D:5      | Reached XP level 6. HP: 63/63 MP: 5/5
   703 | D:5      | Reached skill level 5 in Unarmed Combat
  1123 | D:6      | Reached skill level 5 in Fighting
  1123 | D:6      | Reached XP level 7. HP: 71/72 MP: 6/6
  1188 | D:6      | Found a shadowy altar of Dithmenos.
  1251 | D:6      | Reached skill level 6 in Unarmed Combat
  1356 | D:6      | Noticed Maggie
  1419 | D:6      | Killed Maggie
  1420 | D:6      | Reached skill level 1 in Armour
  1420 | D:6      | Reached skill level 7 in Unarmed Combat
  1420 | D:6      | Reached XP level 8. HP: 44/83 MP: 7/7
  1603 | D:6      | Found Qiugos's Weapon Shoppe.
  1914 | D:7      | Reached skill level 8 in Unarmed Combat
  1918 | D:7      | Gained mutation: You have somewhat slow reflexes. (EV -5)
                  | [Ru sacrifice]
  1918 | D:7      | Reached * piety under Ru
  2055 | D:7      | Reached XP level 9. HP: 77/92 MP: 8/8
  2220 | D:7      | Reached skill level 9 in Unarmed Combat
  2643 | D:8      | Noticed a death yak
  2652 | D:8      | Noticed a death yak
  2812 | D:8      | Noticed Psyche
  2827 | D:8      | Killed Psyche
  2933 | D:8      | Reached skill level 10 in Unarmed Combat
  3240 | D:8      | Noticed a death yak
  3408 | D:9      | Reached XP level 10. HP: 91/102 MP: 9/9
  3541 | D:9      | Gained mutation: You are slightly weak-willed. (Will-) [Ru
                  | sacrifice]
  3541 | D:9      | Reached ** piety under Ru
  4070 | D:10     | Entered Level 10 of the Dungeon
  4268 | D:10     | Reached skill level 5 in Armour
  4279 | D:10     | Reached skill level 11 in Unarmed Combat
  4283 | D:10     | Noticed an obsidian statue
  4634 | D:10     | Noticed Amaemon
  4634 | D:10     | Noticed an orange demon
  4703 | D:10     | Killed Amaemon
  4724 | D:10     | Killed an orange demon
  4768 | D:10     | Reached skill level 12 in Unarmed Combat
  4835 | D:10     | Noticed Lodul
  4872 | D:10     | Killed Lodul
  4873 | D:10     | Reached XP level 11. HP: 17/113 MP: 10/10
  4875 | D:10     | HP: 5/113 [ogre/+0 giant club[Lodul] (15)]
  4901 | D:10     | HP: 1/113 [ogre/+0 giant spiked club[Lodul] (23)]
  5261 | D:11     | Found a portal to a secret trove of treasure.
  5390 | D:11     | Noticed a two-headed ogre
  5406 | D:11     | Killed a two-headed ogre
  5522 | D:11     | Noticed a skeletal warrior
  5523 | D:11     | Noticed a skeletal warrior
  5523 | D:11     | Noticed a skeletal warrior
  5647 | D:8      | Noticed Erica
  5664 | D:8      | Killed Erica
  5665 | D:8      | Reached skill level 13 in Unarmed Combat
  5798 | D:8      | Found a staircase to the Lair.
  5882 | D:8      | Gained mutation: You are somewhat inexperienced. (-1 XL)
                  | [Ru sacrifice]
  5882 | D:8      | Reached XP level 10. HP: 106/106 MP: 9/9
  5882 | D:8      | Reached *** piety under Ru
  5882 | D:8      | Reached **** piety under Ru
  6022 | D:8      | Killed a death yak
  6032 | D:8      | Demolished by a death yak

Illustrated notes

Levels and vault maps discovered:
D:5:      layout_loops_ring, general_overflow_altar, minmay_temple_entry_mist
D:6:      layout_rooms, mainiacjoe_overflow_small_starburst, serial_shops,
          nicolae_shop_crystal, serial_bayou, serial_bayou_crossing,
          serial_bayou_pond_c, serial_bayou_pond_e, serial_bayou_lagoon_b,
          hex_intersection, uniq_maggie
D:7:      layout_basic
D:8:      layout_basic, dpeg_lair_monsters, serial_bayou, serial_bayou_shore_b,
          serial_bayou_lagoon_a, serial_bayou_pond_a, serial_bayou_pond_b,
          serial_bayou_pond_e, kennysheep_decorative_pillar, uniq_psyche,
          uniq_erica
D:9:      layout_irregular_city, minivault_23
D:10:     layout_basic, minivault_16, uniq_amaemon, uniq_lodul
D:11:     layout_roguey, enter_trove_0, minmay_strange_pillars
Temple:   mainiacjoe_temple_big_plus

Skill      XL: |  1  2  3  4  5  6  7  8  9 10 11 |
---------------+----------------------------------+-----
Fighting       | 3 4 5 6 7 9 |  9.0
Unarmed Combat | 3 4 5 7 8 10 12 13 | 13.1
Armour         | 1 3 4 6 |  6.7
Dodging        | |  1.5
Stealth        | |  2.7

Action                   |  1- 3 |  4- 6 |  7- 9 | 10-12 || total
-------------------------+-------+-------+-------+-------++-------
Melee: Unarmed           |    20 |    83 |   241 |   230 ||   574
       Punch             |       |     1 |     9 |    14 ||    24
Invok: Sacrifice Health  |       |       |     1 |       ||     1
       Draw Out Power    |       |       |       |     1 ||     1
       Sacrifice Essence |       |       |       |     1 ||     1
       Sacrifice Experie |       |       |       |     1 ||     1
Evoke: Wand              |       |       |       |     2 ||     2
  Use: Potion            |     1 |       |     2 |     4 ||     7
       Scroll            |       |       |     1 |     4 ||     5
 Stab: Sleeping          |       |       |     2 |       ||     2
       Paralysed         |       |       |       |     2 ||     2
       Fleeing           |       |       |       |     1 ||     1
Armor: Robe              |     1 |    12 |     9 |       ||    22
       Swamp dragon scal |       |       |    91 |    79 ||   170
       Troll leather arm |       |       |       |     7 ||     7
Dodge: Dodged            |     6 |    33 |    56 |    35 ||   130

Table legend: (Time is in decaauts)
 A = Elapsed time spent in this place.
 B = Non-inter-level travel time spent in this place.
 C = Inter-level travel time spent in this place.
 D = Time resting spent in this place.
 E = Time spent auto-exploring this place.
 F = Levels seen in this place.
 G = Mean time per level.
                   A        B        C        D        E       F      G
               +--------+--------+--------+--------+--------+-----+--------+
         Total |   5920 |   5691 |    229 |    529 |   3642 |   8 |  740.0 |
       Dungeon |   5652 |   5473 |    179 |    529 |   3443 |   7 |  807.4 |
        Temple |    267 |    217 |     50 |      0 |    199 |   1 |  267.0 |
               +--------+--------+--------+--------+--------+-----+--------+

Top non-repeatable levels by time:
    D:10: 1168 daAuts
     D:8: 1090 daAuts
     D:5: 813 daAuts
     D:9: 777 daAuts
     D:6: 775 daAuts
     D:7: 732 daAuts
    D:11: 295 daAuts
  Temple: 267 daAuts
